 Dungeon Crawl Stone Soup version 0.31-a0-237-g2d982f9f85 (webtiles) character file.

Game seed: 14722322691372950111

7399 qw the Skirmisher (level 10, -1/93 HPs)
             Began as a Minotaur Hexslinger on July 10, 2023.
             Was an Elder of Okawaru.
             Slain by a death yak (10 damage)
             ... on level 9 of the Dungeon.
             The game lasted 00:04:19 (9086 turns).

qw the Skirmisher (Minotaur Hexslinger)             Turns: 9086, Time: 00:04:20

Health: -1/93      AC: 14    Str: 14    XL:     10   Next: 92%
Magic:  12/12      EV: 15    Int: 10    God:    Okawaru [****..]
Gold:   260        SH:  0    Dex: 16    Spells: 10/11 levels left

rFire   + . .        Y - +0 orcbow
rCold   . . .        (shield currently unavailable)
rNeg    . . .        p - +0 ring mail {rPois}
rPois   +            (helmet unavailable)
rElec   .            (no cloak)
rCorr   .            i - +1 pair of gloves
SInv    +            h - +2 pair of boots
Will    .....        (no amulet)
Stlth   ++           b - ring of protection from fire
HPRegen 0.35/turn    g - ring of see invisible
MPRegen 0.13/turn

%: no passive effects
@: heroic
A: horns 3, retaliatory headbutt, iridescent scales 1
a: Renounce Religion, Heroism, Finesse


You were on level 9 of the Dungeon.
You worshipped Okawaru.
Okawaru was greatly pleased with you.
You visited 2 branches of the dungeon, and saw 10 of its levels.

You collected 456 gold pieces.
You spent 196 gold pieces at shops.


Innate Abilities, Weirdness & Mutations

You have a pair of large horns on your head.
You reflexively headbutt those who attack you in melee.
You are partially covered in iridescent scales. (AC +2)


   Skills:
 - Level 10.0(15.0) Fighting
 + Level 14.0(19.0) Ranged Weapons
 - Level 4.0(9.0) Armour
 - Level 5.0(10.0) Dodging
 - Level 1.0 Spellcasting
 - Level 2.0 Hexes
 + Level 4.3 Invocations


You had 10 spell levels left.
You knew the following spells:

 Your Spells              Type           Power      Damage    Failure   Level
a - Slow                  Hex            16%        N/A       26%         1

Your spell library contained the following spells:

 Spells                   Type           Power      Damage    Failure   Level
 Inner Flame              Hex/Fire       2%         N/A       77%         3
 Portal Projectile        Hex/Tloc       4%         N/A       77%         3
 Cause Fear               Hex            2%         N/A       95%         4

Inventory:

Hand Weapons
 Y - a +0 orcbow (weapon)
Armour
 h - a +2 pair of boots (worn)
 i - a +1 pair of gloves (worn)
 p - a +0 ring mail of poison resistance (worn)
 s - a +0 cloak
Jewellery
 b - a ring of protection from fire (left hand)
 g - a ring of see invisible (right hand)
 k - a ring of protection from cold
 l - a +6 ring of strength
 o - a ring of ice
Scrolls
 a - a scroll of identify
Potions
 c - 5 potions of enlightenment
 d - a potion of degeneration {unknown}
 e - 5 potions of curing
 f - 2 potions of mutation
 j - 3 potions of might {unknown}
 m - 2 potions of heal wounds
 n - a potion of haste {unknown}
 q - a potion of brilliance {unknown}
 r - a potion of lignification {unknown}

Dungeon Overview and Level Annotations

Branches:
Dungeon (9/15)             Temple (1/1) D:4
   Lair: D:8-11         Orc: D:9-12

Altars:
Ashenzari
Cheibriados
Dithmenos
Elyvilon
Fedhas
Gozag
Hepliaklqana
Kikubaaqudgha
Makhleb
Nemelex Xobeh
Okawaru
Qazlal
Ru
Sif Muna
Trog
Uskayaw
Vehumet
Wu Jian
Xom
Yredelemnul
Zin
The Shining One

Shops:
D:8 [

Annotations:
D:6 3 runed translucent doors, qw's ghost, amateur GrHs
D:8 3 runed translucent doors, qw's ghost, novice MiHs


Message History

You shoot an arrow. The arrow hits the yak!
The yak is almost dead.
The yak barely misses you. The orc priest hits you with a +0 whip.
You shoot an arrow. The arrow hits the yak.
You kill the yak!
Okawaru accepts your kill.
You shoot an arrow. The arrow hits the orc priest!
You kill the orc priest!
Okawaru accepts your kill. The death yak gores you!!
An orc comes into view. It is wielding a +0 war axe.
You shoot an arrow. The arrow hits the death yak.
The death yak is lightly wounded.
The death yak gores you!
9081 ||| Stepping ~*~*~tactically~*~*~ (outnumbered).
The death yak attacks as you move away! The death yak gores you.
Enter note:
Enter note:
Enter note:
Enter note:
Enter note:
Enter note: You shoot an arrow.
The arrow hits the death yak but does no damage.
The death yak gores you but does no damage.
You shoot an arrow. The arrow hits the death yak.
The death yak is lightly wounded.
You shoot an arrow.
The arrow hits the death yak but does no damage.
The death yak is lightly wounded.
The death yak gores you!
You shoot an arrow.
The arrow hits the death yak but does no damage.
The death yak is lightly wounded.
The death yak barely misses you. You furiously retaliate!
You headbutt the death yak! The death yak barely misses you.
You furiously retaliate!
You headbutt the death yak! You shoot an arrow.
The arrow barely misses the death yak.
The death yak gores you!! The death yak gores you!
You die...

###### #....######
#.........# #.........#
##..)......# #####
##..........# ##....#
##...........###.....#
#..#.........##Y@.[..#
#.##..........hY##.###
..............)T%# #
.#..###..........hT#
#..######.............
..###......##.##..#Y.#
......####.#...........
...............##...#oo
##.#######..##......#o.


You could see 2 death yaks, a troll and a howler monkey.

Vanquished Creatures
  A death yak (D:9)
  A two-headed ogre (D:9)
  Pikel (D:6)
  2 trolls (D:9)
  A yak (D:9)
  A wyvern (D:8)
  Grum (D:7)
  A steam dragon (D:7)
  3 water moccasins
  4 black bears
  2 sky beasts
  2 ogres
  2 phantoms (D:6)
  5 centaurs
  3 lemures
  2 elf zombies (D:5)
  2 elf skeletons (D:5)
  5 gnoll sergeants
  5 scorpions
  A bullfrog (D:7)
  A wyvern zombie (D:6)
  10 wights
  An electric eel (D:7)
  2 howler monkeys
  2 bullfrog zombies (D:6)
  15 hounds
  3 orc priests
  3 gnoll boudas
  Natasha (D:3)
  2 human skeletons (D:5)
  5 iguanas
  4 orc wizards
  A sleepcap (D:7)
  2 killer bee zombies (D:6)
  A howler monkey zombie (D:6)
  9 adders
  34 gnolls
  A worm (D:4)
  3 dart slugs
  20 orcs
  10 endoplasms
  7 giant cockroaches
  11 goblins
  12 hobgoblins
  4 jackals
  5 quokkas
  7 ball pythons
  13 bats
  2 frilled lizards (D:1)
  2 kobolds (D:3)
  8 rats
246 creatures vanquished.

Notes
Turn   | Place    | Note
-------+----------+-------------------------------------------
     0 | D:1      | qw the Minotaur Hexslinger began the quest for the Orb.
     0 | D:1      | Reached XP level 1. HP: 16/16 MP: 1/1
     0 | D:1      | 0 ||| qw: Version: 0.3-a-52-g30416fa
     0 | D:1      | 0 ||| qw: Game counter: 5317
     0 | D:1      | 0 ||| qw: Melee chars always use a shield: true
     0 | D:1      | 0 ||| qw: God list: Okawaru
     0 | D:1      | 0 ||| qw: Allow faded altars: false
     0 | D:1      | 0 ||| qw: Do Orc after clearing Dungeon:15 true
     0 | D:1      | 0 ||| qw: Do second Lair branch before Depths: true
     0 | D:1      | 0 ||| qw: Lair rune preference: random
     0 | D:1      | 0 ||| qw: Goals: Normal
     0 | D:1      | 0 ||| PLANNING D:1-11
    20 | D:1      | 20 ||| FLEEEEING.
    21 | D:1      | 21 ||| FLEEEEING.
    44 | D:1      | Reached skill level 3 in Ranged Weapons
    44 | D:1      | Reached XP level 2. HP: 23/23 MP: 2/2
   151 | D:1      | 151 ||| FLEEEEING.
   161 | D:1      | 161 ||| FLEEEEING.
   162 | D:1      | 162 ||| FLEEEEING.
   331 | D:1      | 331 ||| UPGRADING to +0 leather armour.
   341 | D:1      | 341 ||| DROPPING +0 robe.
   342 | D:1      | 342 ||| READING scroll labelled KISA XILEID.
   343 | D:1      | 343 ||| DROPPING scroll of poison.
   368 | D:1      | Reached XP level 3. HP: 20/29 MP: 3/3
   695 | D:1      | 695 ||| UPGRADING to ring of protection from fire.
   696 | D:1      | 696 ||| READING scroll labelled NUFIVU ROIKLU.
   780 | D:2      | Found a bloodstained altar of Trog.
   845 | D:2      | 845 ||| FLEEEEING.
   846 | D:2      | 846 ||| FLEEEEING.
   847 | D:2      | 847 ||| FLEEEEING.
   942 | D:2      | 942 ||| READING scroll labelled HOATUUNEIZ.
   950 | D:2      | 950 ||| STAIRDANCE
  1016 | D:2      | Reached skill level 4 in Ranged Weapons
  1299 | D:2      | Reached XP level 4. HP: 36/36 MP: 4/4
  1499 | D:2      | 1499 ||| UPGRADING to ring of see invisible.
  1500 | D:2      | 1500 ||| READING scroll labelled TILEXT BUOFUETZ.
  1570 | D:3      | 1570 ||| FLEEEEING.
  1571 | D:3      | Found a glowing silver altar of Zin.
  1574 | D:3      | 1574 ||| FLEEEEING.
  1578 | D:3      | 1578 ||| STAIRDANCE
  1707 | D:3      | 1707 ||| SWAPPING to +2 sling of electrocution.
  1708 | D:3      | 1708 ||| DROPPING +1 sling.
  1881 | D:3      | Reached skill level 5 in Ranged Weapons
  2005 | D:3      | Reached skill level 3 in Fighting
  2089 | D:3      | Reached XP level 5. HP: 45/45 MP: 5/5
  2323 | D:3      | Noticed Natasha
  2329 | D:3      | Killed Natasha
  2404 | D:3      | 2404 ||| UPGRADING to +0 ring mail.
  2414 | D:3      | 2414 ||| DROPPING +0 leather armour.
  2415 | D:3      | 2415 ||| READING 2 scrolls labelled YMEXTU VAOSU.
  2416 | D:3      | 2416 ||| READING scroll labelled JIOSIBB KENNY.
  2417 | D:3      | 2417 ||| READING scroll labelled HUWIAVV FERUHA.
  2518 | D:3      | 2518 ||| DRINKING 2 metallic silvery potions.
  2519 | D:3      | 2519 ||| DRINKING 2 fizzy inky potions.
  2520 | D:3      | 2520 ||| DRINKING 3 fuming dark potions.
  2521 | D:3      | 2521 ||| DROPPING 2 potions of attraction.
  2559 | D:4      | Reached skill level 1 in Armour
  2657 | D:4      | Found a sparkling altar of Nemelex Xobeh.
  2659 | D:4      | Found a hide-covered altar of Uskayaw.
  2659 | D:4      | Found a shadowy altar of Dithmenos.
  2669 | D:4      | 2669 ||| FLEEEEING.
  2674 | D:4      | 2674 ||| FLEEEEING.
  2675 | D:4      | 2675 ||| FLEEEEING.
  2676 | D:4      | 2676 ||| FLEEEEING.
  2677 | D:4      | 2677 ||| FLEEEEING.
  2678 | D:4      | 2678 ||| FLEEEEING.
  2679 | D:4      | 2679 ||| FLEEEEING.
  2680 | D:4      | 2680 ||| FLEEEEING.
  2681 | D:4      | 2681 ||| FLEEEEING.
  2682 | D:4      | 2682 ||| FLEEEEING.
  2683 | D:4      | 2683 ||| FLEEEEING.
  2684 | D:4      | 2684 ||| FLEEEEING.
  2685 | D:4      | 2685 ||| FLEEEEING.
  2686 | D:4      | 2686 ||| FLEEEEING.
  2687 | D:4      | 2687 ||| FLEEEEING.
  2688 | D:4      | 2688 ||| FLEEEEING.
  2689 | D:4      | 2689 ||| FLEEEEING.
  2690 | D:4      | 2690 ||| FLEEEEING.
  2691 | D:4      | 2691 ||| FLEEEEING.
  2692 | D:4      | 2692 ||| FLEEEEING.
  2693 | D:4      | 2693 ||| FLEEEEING.
  2694 | D:4      | 2694 ||| FLEEEEING.
  2695 | D:4      | 2695 ||| FLEEEEING.
  2696 | D:4      | 2696 ||| FLEEEEING.
  2697 | D:4      | 2697 ||| FLEEEEING.
  2698 | D:4      | 2698 ||| STAIRDANCE
  2756 | D:3      | 2756 ||| UPGRADING to +0 pair of boots.
  2761 | D:3      | 2761 ||| READING scroll of enchant armour.
  2761 | D:3      | 2761 ||| ENCHANTING +0 pair of boots.
  2824 | D:4      | Reached skill level 6 in Ranged Weapons
  2866 | D:4      | Reached XP level 6. HP: 31/51 MP: 6/6
  3059 | D:4      | Found a staircase to the Ecumenical Temple.
  3060 | D:4      | 3060 ||| PLANNING TEMPLE
  3068 | Temple   | Entered the Ecumenical Temple
  3104 | Temple   | 3104 ||| PLANNING OKAWARU WORSHIP
  3178 | Temple   | Became a worshipper of Warmaster Okawaru
  3179 | Temple   | 3179 ||| PLANNING D:1-11
  3283 | D:4      | 3283 ||| READING scroll of enchant armour.
  3283 | D:4      | 3283 ||| ENCHANTING +1 pair of boots.
  3673 | D:4      | 3673 ||| UPGRADING to +1 pair of gloves.
  3678 | D:4      | 3678 ||| READING scroll labelled MUSALA YSIU.
  3679 | D:4      | 3679 ||| DRINKING 2 green potions.
  3706 | D:5      | Entered Level 5 of the Dungeon
  3707 | D:5      | 3707 ||| PLANNING OSSUARY
  3756 | D:5      | Reached skill level 7 in Ranged Weapons
  3815 | D:5      | Reached XP level 7. HP: 43/59 MP: 7/7
  4007 | D:5      | Reached * piety under Okawaru
  4008 | D:5      | Reached skill level 8 in Ranged Weapons
  4008 | D:5      | 4008 ||| INVOKING Heroism.
  4008 | D:5      | HP: 13/59 [gnoll/+0 spear (3)]
  4009 | D:5      | 4009 ||| DRINKING potion of heal wounds.
  4013 | D:5      | HP: 12/59 [gnoll/+0 halberd (4)]
  4189 | D:5      | Reached skill level 1 in Invocations
  4345 | D:5      | 4345 ||| INVOKING Heroism.
  4454 | D:5      | Found a hazy altar of Hepliaklqana.
  4463 | D:5      | 4463 ||| RIP OSSUARY
  4529 | D:5      | 4529 ||| PLANNING D:1-11
  4535 | D:5      | 4535 ||| INVOKING Heroism.
  4537 | D:5      | Reached XP level 8. HP: 38/68 MP: 5/9
  4715 | D:5      | Found a snail-covered altar of Cheibriados.
  4883 | D:5      | Reached skill level 3 in Invocations
  5012 | D:5      | 5012 ||| READING scroll labelled HIUHAT IHACH.
  5046 | D:6      | Reached skill level 9 in Ranged Weapons
  5131 | D:6      | 5131 ||| INVOKING Heroism.
  5142 | D:6      | Reached skill level 6 in Fighting
  5148 | D:6      | Reached ** piety under Okawaru
  5149 | D:6      | Reached skill level 3 in Dodging
  5220 | D:6      | 5220 ||| SWAPPING to +0 orcbow.
  5223 | D:6      | 5223 ||| DROPPING +2 sling of electrocution.
  5247 | D:6      | 5247 ||| INVOKING Heroism.
  5251 | D:6      | Reached XP level 9. HP: 38/75 MP: 8/11
  5369 | D:6      | Found a basalt altar of Yredelemnul.
  5382 | D:6      | Reached skill level 10 in Ranged Weapons
  5386 | D:6      | Reached skill level 3 in Armour
  5662 | D:6      | Found a runed translucent gate.
  5665 | D:6      | Found a runed translucent gate.
  5665 | D:6      | Noticed qw's ghost (amateur GrHs)
  5667 | D:6      | Found a runed translucent gate.
  5715 | D:7      | Noticed Pikel
  5716 | D:7      | 5716 ||| INVOKING Heroism.
  5731 | D:7      | 5731 ||| STAIRDANCE
  5735 | D:6      | Killed Pikel
  6014 | D:7      | Reached *** piety under Okawaru
  6057 | D:7      | 6057 ||| INVOKING Heroism.
  6063 | D:7      | Reached skill level 11 in Ranged Weapons
  6084 | D:7      | 6084 ||| FLEEEEING.
  6088 | D:7      | 6088 ||| FLEEEEING.
  6092 | D:7      | 6092 ||| FLEEEEING.
  6093 | D:7      | 6093 ||| FLEEEEING.
  6095 | D:7      | 6095 ||| FLEEEEING.
  6096 | D:7      | 6096 ||| FLEEEEING.
  6097 | D:7      | 6097 ||| FLEEEEING.
  6098 | D:7      | 6098 ||| FLEEEEING.
  6099 | D:7      | 6099 ||| FLEEEEING.
  6187 | D:7      | 6187 ||| INVOKING Heroism.
  6223 | D:7      | 6223 ||| FLEEEEING.
  6315 | D:7      | 6315 ||| INVOKING Heroism.
  6499 | D:7      | Reached XP level 10. HP: 90/90 MP: 12/12
  6509 | D:7      | Reached skill level 12 in Ranged Weapons
  6524 | D:7      | 6524 ||| INVOKING Heroism.
  6755 | D:7      | Found a white marble altar of Elyvilon.
  6811 | D:7      | Found an ancient bone altar of Kikubaaqudgha.
  6839 | D:7      | 6839 ||| INVOKING Heroism.
  6958 | D:7      | Found a shimmering blue altar of Sif Muna.
  7047 | D:7      | Noticed Grum
  7048 | D:7      | 7048 ||| INVOKING Heroism.
  7054 | D:7      | Killed Grum
  7150 | D:7      | 7150 ||| INVOKING Heroism.
  7258 | D:7      | 7258 ||| READING scroll labelled GUITRI TYESI.
  7308 | D:8      | 7308 ||| Stepping ~*~*~tactically~*~*~ (outnumbered).
  7310 | D:8      | 7310 ||| Stepping ~*~*~tactically~*~*~ (outnumbered).
  7520 | D:8      | Found Notur's Antique Armour Shop.
  7527 | D:8      | 7527 ||| BUYING glowing ring mail (196 gold).
  7527 | D:8      | Bought a glowing ring mail for 196 gold pieces
  7527 | D:8      | 7527 ||| SHOPLISTING runed ring mail (196 gold, have 184).
  7531 | D:8      | Found a bloodstained altar of Trog.
  7557 | D:8      | Reached skill level 13 in Ranged Weapons
  7631 | D:8      | Found a runed translucent gate.
  7665 | D:8      | Found a burning altar of Makhleb.
  7684 | D:8      | Reached skill level 9 in Fighting
  8016 | D:8      | 8016 ||| INVOKING Heroism.
  8486 | D:8      | Found a runed translucent gate.
  8486 | D:8      | Found a runed translucent gate.
  8491 | D:8      | Noticed qw's ghost (novice MiHs)
  8712 | D:8      | 8712 ||| UPGRADING to +0 ring mail of poison resistance.
  8722 | D:8      | 8722 ||| DROPPING +0 ring mail.
  8723 | D:8      | 8723 ||| READING 2 scrolls labelled YREQET JEESON.
  8724 | D:8      | 8724 ||| DRINKING 3 viscous yellow potions.
  8724 | D:8      | Gained mutation: You have a pair of large horns on your
                  | head. [potion of mutation]
  8724 | D:8      | Gained mutation: You are partially covered in iridescent
                  | scales. (AC +2) [potion of mutation]
  8725 | D:8      | 8725 ||| DROPPING scroll of amnesia.
  8746 | D:9      | 8746 ||| INVOKING Heroism.
  8798 | D:9      | 8798 ||| INVOKING Heroism.
  8856 | D:9      | Found a shimmering altar of Xom.
  8858 | D:9      | Noticed a two-headed ogre
  8859 | D:9      | 8859 ||| INVOKING Heroism.
  8866 | D:9      | Killed a two-headed ogre
  8867 | D:9      | Reached skill level 14 in Ranged Weapons
  9002 | D:9      | Reached **** piety under Okawaru
  9059 | D:9      | Noticed a death yak
  9060 | D:9      | 9060 ||| INVOKING Heroism.
  9070 | D:9      | Noticed a death yak
  9070 | D:9      | Noticed a death yak
  9076 | D:9      | Killed a death yak
  9081 | D:9      | 9081 ||| Stepping ~*~*~tactically~*~*~ (outnumbered).
  9086 | D:9      | HP: 9/93 [death yak (19)]
  9086 | D:9      | Slain by a death yak

Levels and vault maps discovered:
D:1:      spicycebolla_arrival_ecumenical, layout_rooms, grunt_decor_cap,
          chequers_hall_statues_wall_a
D:2:      layout_basic, basic_altar, minmay_pentomino_z2
D:3:      kennysheep_six_static_rooms, layout_basic, zin_academy, uniq_natasha
D:4:      layout_basic, gammafunk_temple_overflow_forgotten,
          minmay_temple_entry_slanted, nicolae_underground_beach
D:5:      layout_loops_ring, nicolae_hepliaklqana_hazy_memory,
          kennysheep_slug_shrine, nicolae_ossuary_entry_catacombs
D:6:      layout_rooms, nicolae_yredelemnul_corpse_copse,
          gammafunk_ghost_nasty_kobolds, minmay_misc_feat_square
D:7:      layout_cave_pools, nicolae_sif_muna_little_library,
          mainiacjoe_overflow_paths, overflow_temple_1_default,
          serial_gnoll_camp, gnoll_camp_mini_sergeant, grums_kennel,
          gnoll_camp_medium_01, gnoll_camp_huts_moat, uniq_pikel
D:8:      layout_layer_cave, trog_ov_bears_minmay, lemuel_doored_altar,
          gammafunk_ghost_necromancy, nicolae_stop_n_shop_2,
          hangedman_decor_diamond_cutter, hangedman_decor_riveting
D:9:      layout_rooms, lemuel_crystal_altar, dpeg_lair_monsters
Temple:   kb_temple_of_zot

Skill      XL: |  1  2  3  4  5  6  7  8  9 10 |
---------------+-------------------------------+-----
Ranged Weapons | 3 4 5 6 7 8 9 11 14 | 14.0
Fighting       | 2 3 4 5 6 8 10 | 10.0
Armour         | 1 2 3 4 |  4.0
Invocations    | 2 4 |  4.3
Dodging        | 3 4 5 |  5.0
Spellcasting   | |  1.0
Hexes          | |  2.0

Action                     |  1- 3 |  4- 6 |  7- 9 | 10-12 || total
---------------------------+-------+-------+-------+-------++-------
   Fire: Sling             |   116 |   190 |   164 |       ||   470
         Orcbow            |       |       |   251 |   220 ||   471
 Invoke: Heroism           |       |       |     9 |     9 ||    18
    Use: Scroll            |     3 |     7 |     1 |     2 ||    13
         Potion            |       |     4 |     1 |     1 ||     6
 Armour: Robe              |     6 |       |       |       ||     6
         Leather armour    |    10 |     8 |       |       ||    18
         Ring mail         |       |    13 |   114 |    26 ||   153
  Dodge: Dodged            |    44 |    47 |   163 |    50 ||   304

Table legend:
 A = Non-vault XP
 B = Vault XP
 C = Vault XP percentage of total XP
 D = Non-vault monster count
 E = Vault monster count
 F = Vault count percentage of total count
                 A         B        C        D         E       F
            +---------+---------+-------+---------+---------+-------
      Total |    6393 |    4177 |  39.5 |     172 |      71 |  29.2
            +---------+---------+-------+---------+---------+-------
        D:1 |      46 |       0 |   0.0 |      25 |       0 |   0.0
        D:2 |      42 |      16 |  27.6 |      18 |       2 |  10.0
        D:3 |      93 |      46 |  33.1 |      26 |       7 |  21.2
        D:4 |     349 |       0 |   0.0 |      27 |       0 |   0.0
        D:5 |     889 |     444 |  33.3 |      19 |       7 |  26.9
        D:6 |    1036 |     931 |  47.3 |      17 |       7 |  29.2
        D:7 |    1429 |    1441 |  50.2 |      18 |      44 |  71.0
        D:8 |     884 |     263 |  22.9 |      16 |       2 |  11.1
        D:9 |    1625 |    1036 |  38.9 |       6 |       2 |  25.0
            +---------+---------+-------+---------+---------+-------
